 Dungeon Crawl Stone Soup version bcrawl-1.13.5 (webtiles) character file.

Game seed: 16718223105756364022

4718 Flubber the Spear-Bearer (level 10, 0/120 HPs)
             Began as a Merfolk Gladiator on Aug 24, 2019.
             Was an Elder of Yredelemnul.
             Slain by a cyan ugly thing (14 damage)
             ... on level 8 of the Dungeon.
             The game lasted 00:25:12 (7943 turns).

Flubber the Spear-Bearer (Merfolk Gladiator)        Turns: 7943, Time: 00:25:13

Health: 0/120      AC: 25    Str: 18 (19) XL:     10   Next: 45%
Magic:  14/14      EV:  2    Int:  7      God:    Yredelemnul [****..]
Gold:   696        SH:  0    Dex: 14 (15) Spells: 9/9 levels left

rFire    . . .     SeeInvis .   g - +3 trident (pain)
rCold    . . .     Gourm    .   (no shield)
rNeg     + + +     Faith    .   (armour currently unavailable)
rPois    +         Spirit   .   (helmet currently unavailable)
rElec    .         Reflect  .   (cloak currently unavailable)
rCorr    .         Harm     .   (gloves currently unavailable)
MR       .....     NoTele   +   (boots currently unavailable)
Stlth    +.........             (no amulet)
HPRegen  0.30/turn              e - ring of poison resistance
MPRegen  0.14/turn              k - ring of flight

@: tree-form, very slightly contaminated, invisible
A: (change form in water), (swift swim), (stealthy swim)
a: Recall Undead Slaves, Injury Mirror, Animate Dead, Drain Life, Renounce
Religion


You were on level 8 of the Dungeon.
You worshipped Yredelemnul.
Yredelemnul was greatly pleased with you.
You were very hungry.
You were a tree.
You visited 1 branch of the dungeon, and saw 8 of its levels.
You also visited: Ossuary.

You collected 696 gold pieces.

Inventory:

Hand Weapons
 a - a +0 trident
 g - a +3 trident of pain (weapon)
 r - a +1 halberd
 y - a +0 scythe
 D - a +3 quarterstaff of chaos
Missiles
 d - 4 throwing nets {!f}
 u - 71 javelins (quivered)
Armour
 b - a +2 leather armour (melded)
 c - a +1 helmet (melded)
 j - a +2 pair of boots (melded)
 E - a +2 cloak (melded)
Magical Staves
 m - an uncursed staff of wizardry {unknown}
Jewellery
 e - a ring of poison resistance (left branch)
 k - a ring of flight (right branch)
 t - a cursed amulet of inaccuracy {unknown}
Wands
 n - a wand of flame (20)
 v - a wand of disintegration (14)
 x - a wand of polymorph (7)
Scrolls
 i - 7 scrolls of identify
 s - a scroll of torment {unknown}
 C - a scroll of immolation
Potions
 h - a potion of experience {unknown}
 l - 2 potions of resistance {unknown}
 p - a potion of haste
 q - a potion of agility {unknown}
 w - 4 potions of brilliance {unknown}
 z - 3 potions of mutation {unknown}
 A - a potion of flight
 B - a potion of ambrosia {unknown}
Comestibles
 f - 13 rations {!d}


   Skills:
 + Level 7.8 Fighting
 * Level 14.0 Polearms
 - Level 2.1 Throwing
 + Level 9.8 Dodging
 + Level 6.3 Invocations


You had 9 spell levels left.
You didn't know any spells.
Your spell library was empty.

Dungeon Overview and Level Annotations

Branches:
Dungeon (8/12)             Temple (0/1) D:7
   Lair: D:7-9          Orc: D:8-11

Altars:
Ashenzari
Cheibriados
Gozag
Kikubaaqudgha
Nemelex Xobeh
Ru
Sif Muna
Xom
Yredelemnul
Zin
Beogh

Annotations:
D:4 3 runed translucent doors, Chiseanne's ghost, weakling SpAc


Message History

The cyan ugly thing gores you! The cyan ugly thing shocks you!
* * * LOW HITPOINT WARNING * * *
You are feeling very hungry.
You hit the cyan ugly thing.
The cyan ugly thing is severely wounded.
The cyan ugly thing completely misses you.
You hit the cyan ugly thing but do no damage.
The cyan ugly thing is severely wounded.
Really quaff the potion of lignification? [Y]es or [N]o only, please.
Really quaff the potion of lignification?
You turn into a tree.
Your +2 cloak melds into your body.
Your +1 helmet melds into your body.
Your +2 pair of boots melds into your body.
Your +2 leather armour melds into your body.
Your roots penetrate the ground.
The cyan ugly thing gores you.
* * * LOW HITPOINT WARNING * * *
The cyan ugly thing shocks you!
You die...
Your body rises from the dead as a mindless zombie.

..............).........<..
.............#(.............
.............................
.............................#
..............................#
.........................<.....#
...........))....................
............)....................
...............u♣.###..........[.
.................................
.......................#.........
......#................#.........
..................######.........
........##.........# #.........
........##.........# #.........
........##.........# #.........
......%.##.........# .......


You could see a cyan ugly thing.

Vanquished Creatures
  Joseph (D:7)
  A hippogriff (D:7)
  Sigmund (D:6)
  A human (D:4)
  Edmund (D:6)
  Duvessa (D:7)
  An orc warrior (D:6)
  A sky beast (D:7)
  An ice beast (D:5)
  3 phantoms
  5 ogres
  4 centaurs
  3 big kobolds
  5 bullfrogs
  A wyvern zombie (D:7)
  Dowan (D:7)
  A scorpion (D:3)
  4 wights
  5 killer bees (D:8)
  3 howler monkeys
  4 crimson imps
  2 centaur zombies
  2 bullfrog zombies
  2 hounds
  A jelly (D:6)
  7 orc priests
  Crazy Yiuf (D:7)
  5 orc wizards
  4 worker ants
  A killer bee zombie (D:7)
  6 big kobold zombies (Ossuary)
  A mummy (Ossuary)
  2 worker ant zombies
  5 adders
  4 gnolls (D:7)
  2 shadow imps
  4 oozes
  An adder zombie (D:8)
  An adder skeleton (D:4)
  3 worms
  6 leopard geckos
  19 orcs
  A spectral bat (Ossuary)
  10 giant cockroaches
  6 gnoll zombies (Ossuary)
  7 goblins
  14 hobgoblins
  11 jackals
  4 quokkas
  5 bats
  3 frilled lizards (D:2)
  A goblin skeleton (D:4)
  7 goblin zombies (Ossuary)
  5 hobgoblin zombies (Ossuary)
  21 kobolds
  4 kobold simulacra (Ossuary)
  3 kobold zombies (Ossuary)
  3 orc zombies (Ossuary)
  A quokka zombie (D:5)
  7 rats
  2 rat simulacra (Ossuary)
  3 rat zombies (D:4)
  3 spectral goblins (Ossuary)
  4 spectral kobolds (Ossuary)
  2 spectral rats (Ossuary)
254 creatures vanquished.

Vanquished Creatures (collateral kills)
  A leopard gecko skeleton (D:5)
1 creature vanquished.

Vanquished Creatures (others)
  A hippogriff zombie (D:7)
  A killer bee zombie (D:8)
  An orc skeleton (D:8)
  2 kobold zombies (D:8)
  2 orc zombies
7 creatures vanquished.

Grand Total: 262 creatures vanquished

Notes
Turn   | Place    | Note
-------+----------+-------------------------------------------
     0 | D:1      | Flubber the Merfolk Gladiator began the quest for the Orb.
     0 | D:1      | Reached XP level 1. HP: 16/16 MP: 1/1
     1 | D:1      | Found a runed door.
    84 | D:1      | Reached XP level 2. HP: 19/23 MP: 2/2
   362 | D:1      | Reached skill level 5 in Polearms
   378 | D:1      | Reached XP level 3. HP: 21/28 MP: 3/3
  1113 | D:2      | Reached XP level 4. HP: 34/34 MP: 4/4
  1339 | D:2      | Reached skill level 6 in Polearms
  1984 | D:3      | Reached skill level 5 in Dodging
  2160 | D:3      | Reached XP level 5. HP: 41/41 MP: 5/5
  2218 | D:3      | Found a snail-covered altar of Cheibriados.
  2243 | D:3      | Reached skill level 7 in Polearms
  2465 | D:4      | Reached XP level 6. HP: 44/48 MP: 6/6
  2599 | D:4      | Noticed a phantom
  2618 | D:4      | Killed a phantom
  2618 | D:4      | Reached skill level 8 in Polearms
  2626 | D:4      | Noticed a human
  2632 | D:4      | Found a runed door.
  2636 | D:4      | Found a basalt altar of Yredelemnul.
  2662 | D:4      | Killed a human
  2662 | D:4      | Reached XP level 7. HP: 34/55 MP: 7/7
  2676 | D:4      | Became a worshipper of Yredelemnul the Dark
  2734 | D:4      | Found an ancient bone altar of Kikubaaqudgha.
  3110 | D:4      | Reached skill level 9 in Polearms
  3110 | D:4      | Reached skill level 1 in Invocations
  3442 | D:4      | Reached XP level 8. HP: 61/61 MP: 9/9
  3519 | D:4      | Found a runed translucent gate.
  3519 | D:4      | Identified the +12 trident "Muruhum" {pain, rC++ Dex+2}
  3519 | D:4      | Noticed Chiseanne's ghost (weakling SpAc)
  3520 | D:4      | Found a runed translucent gate.
  3521 | D:4      | Found a runed translucent gate.
  3526 | D:4      | Found a roughly hewn altar of Beogh.
  3527 | D:4      | Identified the +1 spear of Purpose {freeze, *Noise +Rage
                  | Stlth+}
  3611 | D:5      | Entered Level 5 of the Dungeon
  3692 | D:5      | Reached skill level 5 in Fighting
  3841 | D:5      | Reached * piety under Yredelemnul
  3841 | D:5      | Reached skill level 10 in Polearms
  3858 | D:5      | Found a basalt altar of Yredelemnul.
  4362 | D:5      | Found an opulent altar of Gozag.
  4813 | D:6      | Found a shattered altar of Ashenzari.
  4831 | D:6      | Reached skill level 11 in Polearms
  4883 | D:6      | Found a sacrificial altar of Ru.
  4906 | D:6      | Reached XP level 9. HP: 64/69 MP: 11/11
  5029 | D:6      | Reached ** piety under Yredelemnul
  5124 | D:6      | Noticed Sigmund
  5133 | D:6      | Killed Sigmund
  5167 | D:6      | Found a sand-covered staircase.
  5171 | Ossuary  | Entered an ossuary
  5444 | Ossuary  | Reached *** piety under Yredelemnul
  5444 | Ossuary  | Reached skill level 12 in Polearms
  5782 | D:6      | Noticed Edmund
  5797 | D:6      | Killed Edmund
  6007 | D:7      | Found a shimmering blue altar of Sif Muna.
  6062 | D:7      | Found a staircase to the Ecumenical Temple.
  6109 | D:7      | Reached skill level 5 in Invocations
  6195 | D:7      | HP: 3/72 [centaur/arrow (12)]
  6515 | D:7      | Reached skill level 13 in Polearms
  6517 | D:7      | Noticed Duvessa
  6521 | D:7      | Noticed Dowan
  6526 | D:7      | Killed Duvessa
  6526 | D:7      | Reached XP level 10. HP: 74/79 MP: 14/14
  6534 | D:7      | Killed Dowan
  6617 | D:8      | Found a shimmering altar of Xom.
  6846 | D:7      | Found a runed door.
  6902 | D:7      | Found a sparkling altar of Nemelex Xobeh.
  6952 | D:7      | Noticed Joseph
  6985 | D:7      | Killed Joseph
  7291 | D:7      | Noticed Crazy Yiuf
  7296 | D:7      | Killed Crazy Yiuf
  7431 | D:8      | Reached **** piety under Yredelemnul
  7560 | D:8      | Noticed an angel
  7580 | D:8      | Found a glowing silver altar of Zin.
  7845 | D:8      | Reached skill level 14 in Polearms
  7893 | D:8      | Noticed a cyan ugly thing
  7943 | D:8      | Slain by a cyan ugly thing

Skill      XL: |  1  2  3  4  5  6  7  8  9 10 |
---------------+-------------------------------+-----
Polearms       | 5 6 7 8 9 11 13 14 | 14.0
Fighting       | 3 4 6 7 |  7.8
Dodging        | 5 6 7 9 |  9.8
Invocations    | 1 3 5 6 |  6.3
Throwing       | |  2.1

Action                   |  1- 3 |  4- 6 |  7- 9 | 10-12 || total
-------------------------+-------+-------+-------+-------++-------
Melee: Trident           |   122 |    70 |   382 |   191 ||   765
       Halberd           |       |    86 |   115 |       ||   201
Throw: Javelin           |       |       |    12 |     7 ||    19
Invok: Animate Remains   |       |       |     2 |       ||     2
       Animate Dead      |       |       |     2 |     2 ||     4
Evoke: Wand              |       |       |       |     3 ||     3
  Use: Potion            |     2 |     2 |     8 |     2 ||    14
       Scroll            |     2 |     8 |     6 |     3 ||    19
 Stab: Sleeping          |     2 |     2 |     6 |       ||    10
       Invisible         |       |       |     1 |     5 ||     6
       Distracted        |       |       |     1 |       ||     1
  Eat: Chunk             |     1 |     5 |    13 |     5 ||    24
Armor: Leather armour    |    37 |    36 |    88 |    27 ||   188
       Skin              |       |       |     1 |       ||     1
Dodge: Dodged            |   100 |    73 |   229 |   108 ||   510
